 Dungeon Crawl Stone Soup version 0.19.1 (webtiles) character file.

4879 Arnot the Spear-Bearer (level 10, -4/84 HPs)
             Began as a Minotaur Fighter on Dec 16, 2016.
             Was a Believer of Okawaru.
             Slain by Gastronok (17 damage)
             ... on level 9 of the Dungeon.
             The game lasted 00:19:13 (7912 turns).

Arnot the Spear-Bearer (Minotaur Fighter)           Turns: 7912, Time: 00:19:15

Health: -4/84      AC: 14    Str: 24    XL:     10   Next: 26%
Magic:  9/9        EV:  9    Int:  5    God:    Okawaru [**....]
Gold:   325        SH:  0    Dex: 12    Spells: 0 memorised, 9 levels left

rFire  + + .     SeeInvis .     b - +3 bardiche of Qiph {speed, *Drain rPois rC++ Dex+2}
rCold  + . .     Gourm    .     y - +1 chain mail
rNeg   . . .     Faith    +     (shield currently unavailable)
rPois  +         Spirit   .     (helmet restricted)
rElec  .         Reflect  .     (no cloak)
rCorr  .         Harm     .     R - +0 pair of gloves
MR     .....                    t - +0 pair of boots
Stlth  ..........               s - amulet of faith
                                x - ring of protection from fire
                                r - ring of fire

@: no status effects
A: retaliatory headbutt, horns 2
a: Heroism, Renounce Religion


You were on level 9 of the Dungeon.
You worshipped Okawaru.
Okawaru was pleased with you.
You were not hungry.

You visited 2 branches of the dungeon, and saw 10 of its levels.

You collected 325 gold pieces.

Inventory:

Hand Weapons
 a - a +0 war axe
 b - the +3 bardiche of Qiph (weapon) {speed, *Drain rPois rC++ Dex+2}
   (You acquired it on level 5 of the Dungeon)

   Attacks with this weapon are significantly faster.
   It affects your dexterity (+2).
   It greatly protects you from cold.
   It protects you from poison.
   It causes draining when unequipped.
 A - a +0 battleaxe
Armour
 c - a +1 shield
 l - a +0 scale mail
 t - a +0 pair of boots (worn)
 y - a +1 chain mail (worn)
 R - a +0 pair of gloves (worn)
Jewellery
 r - a ring of fire (left hand)
 s - an amulet of faith (around neck)
 x - a ring of protection from fire (right hand)
Wands
 z - a wand of iceblast (9/15)
 B - a wand of flame (8/48)
 G - a wand of lightning (11/15)
 I - a wand of disintegration (14/24)
 N - a wand of slowing (21/48)
 S - a wand of paralysis (4/24)
Scrolls
 h - 6 scrolls of remove curse
 j - a scroll of immolation
 m - a scroll of fear
 C - a scroll of magic mapping
 E - 2 scrolls of enchant armour
 F - 2 scrolls of recharging
 H - 2 scrolls of amnesia
 J - a scroll of noise {unknown}
 K - 2 scrolls of teleportation {unknown}
 M - 2 scrolls of blinking
 O - a scroll of fog {unknown}
Potions
 d - 2 potions of might
 e - 2 potions of heal wounds
 i - 2 potions of agility
 n - a potion of cancellation {unknown}
 o - a potion of resistance {unknown}
 p - a potion of lignification {unknown}
 q - a potion of curing
 u - a potion of mutation {unknown}
 v - a potion of flight {unknown}
 w - 2 potions of invisibility {unknown}
 D - a potion of cure mutation {unknown}
 Q - a potion of degeneration {unknown}
Comestibles
 f - 4 bread rations
 g - 7 meat rations
 k - a royal jelly
 L - a beef jerky
 P - 3 fruits


   Skills:
 + Level 6.7 Fighting
 * Level 10.0(12.1) Axes
 * Level 11.4(12.8) Polearms
 + Level 7.6 Armour
 + Level 2.5 Dodging
 + Level 5.0 Shields


You had 9 spell levels left.
You didn't know any spells.

Dungeon Overview and Level Annotations

Branches:
Dungeon (9/15)             Temple (1/1) D:7
   Lair: D:8-11         Orc: D:9-12

Altars:
Ashenzari
Cheibriados
Dithmenos
Elyvilon
Fedhas
Gozag
Hepliaklqana
Kikubaaqudgha
Makhleb
Nemelex Xobeh
Okawaru
Qazlal
Ru
Sif Muna
Trog
Uskayaw
Vehumet
Xom
Yredelemnul
Zin
The Shining One

Shops:
D:6 }   D:8 *

Annotations:
D:9 Gastronok


Innate Abilities, Weirdness & Mutations

You reflexively headbutt those who attack you in melee.
You have a pair of horns on your head.


Message History

The orc hits you from afar with a trident.
The orc priest mumbles some strange prayers to Beogh against you.
Beogh smites you!
* * * LOW HITPOINT WARNING * * *
The orc closely misses you.
An adder comes into view.
You are too injured to fight recklessly!
You are too injured to fight recklessly!
You are too injured to fight recklessly!
Unknown command.
You are too injured to fight recklessly!
You are too injured to fight recklessly!
You hear some strange, mumbled words.
A puff of frost appears from out of thin air!
The puff of frost misses you.
The puff of frost hits Gastronok.
The orc wizard hits you but does no damage.
The orc barely misses you.
The orc priest hits you but does no damage. x2
Gastronok bites you!
You die... ### ... #... ... .... .. ..##. #...# #Soo#

##. ##o{o#
#....#ZW@o#
#..ow.#
.......o..#
....#.....#
..#.....(.#
. .#.#.#...
# #.#......
# #.......
#. ......


You could see Gastronok, a hungry ghost, 2 orc priests, an orc wizard, an adder,
4 orcs and a hound zombie.

Vanquished Creatures
  Psyche (D:8)
  A hornet (D:7)
  A hippogriff (D:8)
  Grum (D:8)
  Menkaure (D:4)
  An orc warrior (D:6)
  2 ice beasts
  A sky beast (D:8)
  A black bear (D:6)
  A necrophage (D:6)
  6 ogres
  A centaur (D:8)
  3 phantoms
  4 wolves (D:8)
  Blork the orc (D:4)
  7 bullfrogs
  A big kobold (D:7)
  3 scorpions
  3 wights (D:6)
  3 howler monkeys (D:8)
  6 crimson imps
  A centaur zombie (D:5)
  A centaur skeleton (D:7)
  2 hounds (D:4)
  6 orc priests
  9 orc wizards
  6 worker ants
  5 iguanas
  3 hound skeletons
  A worker ant zombie (D:8)
  4 adders
  A howler monkey skeleton (D:4)
  2 shadow imps
  2 adder skeletons
  3 worms
  3 dart slugs
  5 leopard geckos
  32 orcs
  2 bats
  6 giant cockroaches
  5 goblins
  10 hobgoblins
  11 jackals
  3 quokkas
  2 ball pythons (D:1)
  4 frilled lizards
  10 kobolds
  5 rats
  A spectral orc (D:2)
194 creatures vanquished.

Notes
Turn   | Place    | Note
-------+----------+-------------------------------------------
     0 | D:1      | Arnot the Minotaur Fighter began the quest for the Orb.
     0 | D:1      | Reached XP level 1. HP: 19/19 MP: 0/0
   129 | D:1      | Reached XP level 2. HP: 27/27 MP: 1/1
   445 | D:1      | Reached XP level 3. HP: 32/34 MP: 2/2
  1215 | D:2      | Found a basalt altar of Yredelemnul.
  1299 | D:2      | Found a radiant altar of Vehumet.
  1396 | D:3      | Reached XP level 4. HP: 37/41 MP: 3/3
  1617 | D:3      | Reached XP level 5. HP: 47/47 MP: 4/4
  1631 | D:3      | Found a burning altar of Makhleb.
  1989 | D:3      | Found a deep blue altar of Sif Muna.
  2199 | D:4      | Noticed a phantom
  2211 | D:4      | Killed a phantom
  2211 | D:4      | Reached skill level 5 in Axes
  2265 | D:4      | Reached skill level 1 in Dodging
  2281 | D:4      | Reached XP level 6. HP: 42/53 MP: 5/5
  2321 | D:4      | Noticed Menkaure
  2332 | D:4      | Killed Menkaure
  2332 | D:4      | Reached skill level 5 in Armour
  2605 | D:4      | Reached skill level 5 in Fighting
  2605 | D:4      | Reached XP level 7. HP: 27/61 MP: 6/6
  3169 | D:4      | Found a white marble altar of Elyvilon.
  3169 | D:4      | Found a sparkling altar of Nemelex Xobeh.
  3281 | D:4      | Noticed Blork the orc
  3290 | D:4      | Killed Blork the orc
  3368 | D:5      | Entered Level 5 of the Dungeon
  3443 | D:5      | Found a glowing golden altar of the Shining One.
  3445 | D:5      | Identified the Incunabulum of Icy Confrontation
  3556 | D:5      | Identified a scroll of acquirement
  3559 | D:5      | Got a transparent bardiche
  3565 | D:5      | Identified the +3 bardiche of Qiph {speed, *Drain rPois rC++ Dex+2} (You acquired it on level 5 of the Dungeon)
  3757 | D:5      | Found a sacrificial altar of Ru.
  3765 | D:5      | Reached skill level 1 in Polearms
  3765 | D:5      | Reached skill level 5 in Shields
  3765 | D:5      | Reached XP level 8. HP: 68/68 MP: 7/7
  3878 | D:6      | Reached skill level 2 in Polearms
  3921 | D:6      | Reached skill level 3 in Polearms
  3967 | D:6      | Reached skill level 4 in Polearms
  4124 | D:6      | Reached skill level 5 in Polearms
  4528 | D:6      | Found a stormy altar of Qazlal.
  4659 | D:6      | Reached skill level 6 in Polearms
  4759 | D:6      | Found Ymaj's Gadget Shop.
  4925 | D:7      | Reached skill level 7 in Polearms
  4925 | D:7      | Reached XP level 9. HP: 73/73 MP: 8/8
  5190 | D:7      | Found a staircase to the Ecumenical Temple.
  5582 | D:7      | Reached skill level 8 in Polearms
  6234 | Temple   | Entered the Ecumenical Temple
  6309 | Temple   | Became a worshipper of Warmaster Okawaru
  6341 | D:8      | Found an opulent altar of Gozag.
  6344 | D:8      | Found Gozag's Platinum Reserve.
  6374 | D:8      | Reached skill level 9 in Polearms
  6596 | D:8      | Reached * piety under Okawaru
  6607 | D:8      | Noticed Grum
  6617 | D:8      | Reached skill level 10 in Polearms
  6620 | D:8      | Killed Grum
  6977 | D:8      | Found a shattered altar of Ashenzari.
  7113 | D:8      | Noticed Psyche
  7124 | D:8      | Killed Psyche
  7124 | D:8      | Reached ** piety under Okawaru
  7124 | D:8      | Reached XP level 10. HP: 54/84 MP: 9/9
  7263 | D:8      | Reached skill level 10 in Axes
  7263 | D:8      | Reached skill level 11 in Polearms
  7621 | D:8      | Found a glowing silver altar of Zin.
  7622 | D:8      | Found a deep blue altar of Sif Muna.
  7668 | D:9      | Noticed Gastronok
  7678 | D:9      | HP: 3/84 [orc priest/divine providence (13)]
  7912 | D:9      | Slain by Gastronok

Skill      XL: |  1  2  3  4  5  6  7  8  9 10 |
---------------+-------------------------------+-----
Fighting       | 4 5 6 |  6.7
Axes           | 3 4 5 6 8 9 10 | 10.0
Armour         | 4 5 6 7 |  7.6
Shields        | 4 5 |  5.0
Dodging        | 1 2 |  2.5
Polearms       | 1 7 10 11 | 11.4

Action                   |  1- 3 |  4- 6 |  7- 9 | 10-12 || total
-------------------------+-------+-------+-------+-------++-------
Melee: War axe           |    91 |    74 |    54 |       ||   219
       Headbutt          |    17 |    15 |    42 |    16 ||    90
       Bardiche          |       |       |   268 |    66 ||   334
  Use: Scroll            |     1 |       |    16 |     1 ||    18
       Potion            |     1 |       |     2 |     5 ||     8
 Stab: Paralysed         |       |       |     1 |       ||     1
  Eat: Pizza             |     1 |       |     2 |       ||     3
       Bread ration      |     1 |       |       |       ||     1
       Meat ration       |       |       |     2 |       ||     2
       Royal jelly       |       |       |     1 |       ||     1
       Fruit             |       |       |     2 |       ||     2
Armor: Scale mail        |    38 |    17 |       |       ||    55
       Chain mail        |       |       |   128 |    45 ||   173
Dodge: Dodged            |    31 |    16 |   101 |    62 ||   210
Block: Shield            |    40 |    31 |    23 |       ||    94
